| TOP OF THE 1ST |
|
Mahoning Valley Scrappers batting - Pitching for Minnesota (NYP) Twins : LHP Mike Horton
|
|
Pitching: LHP Mike Horton
|
|
|
Batting: LHB John Harring
|
0-0: Ground out 5-3 (Groundball, 56, EV 90.0 MPH)
|
|
Batting: RHB Juan Padilla
|
0-0: SINGLE (Groundball, 6M, EV 99.4 MPH) (infield hit)
|
|
Batting: RHB Ryan Gautney
|
0-0: Ball 1-0: Called Strike Juan Padilla is caught stealing 2nd base 2-4 1-1: Fly out, F9 (Flyball, 89M, EV 86.2 MPH)
|
| Top of the 1st over - 0 runs, 1 hit, 0 errors, 0 left on base; Mahoning Valley 0 - Minnesota (NYP) 0 |
| BOTTOM OF THE 1ST |
|
Minnesota (NYP) Twins batting - Pitching for Mahoning Valley Scrappers : RHP Fomio Tashima
|
|
Pitching: RHP Fomio Tashima
|
|
|
Batting: LHB Chris Munguia
|
0-0: Foul Ball, location: 2F 0-1: Swinging Strike 0-2: Ball 1-2: Strikes out swinging
|
|
Batting: RHB David Nardone
|
0-0: Fly out, F8 (Flyball, 8RD, EV 93.1 MPH)
|
|
Batting: RHB Miguel Diaz
|
0-0: Ball 1-0: Foul Ball, location: 2F 1-1: Called Strike 1-2: Ball 2-2: Ball 3-2: DOUBLE (Groundball, 5L, EV 101.9 MPH)
|
|
Batting: RHB Michael McDonald
|
0-0: Called Strike 0-1: Ball 1-1: Foul Ball, location: 2F 1-2: Foul Ball, location: 2F 1-2: Foul Ball, location: 2F 1-2: Strikes out swinging, 2-3 out at first.
|
| Bottom of the 1st over - 0 runs, 1 hit, 0 errors, 1 left on base; Mahoning Valley 0 - Minnesota (NYP) 0 |
| TOP OF THE 2ND |
|
Mahoning Valley Scrappers batting - Pitching for Minnesota (NYP) Twins : LHP Mike Horton
|
|
Batting: SHB Joe Zeiset
|
0-0: Ball 1-0: Foul Ball, location: 2F 1-1: Ball 2-1: Foul Ball, location: 2F 2-2: Fly out, F8 (Flyball, 8RM, EV 92.5 MPH)
|
|
Batting: LHB Devon Grant
|
0-0: Ball 1-0: Ball 2-0: Ground out 4-3 (Groundball, 4, EV 86.2 MPH)
|
|
Batting: RHB Andy Lewis
|
0-0: Called Strike 0-1: Ball 1-1: Foul Ball, location: 2F 1-2: Ball 2-2: Ball 3-2: Base on Balls
|
|
Batting: RHB Blake Kelly
|
0-0: Ball 1-0: Ball 2-0: Ball 3-0: Called Strike 3-1: Base on Balls Andy Lewis to second
|
|
Batting: RHB Gashie Chimsima
|
0-0: Ball 1-0: Ball 2-0: Ball 3-0: Called Strike 3-1: Base on Balls Andy Lewis to third Blake Kelly to second
|
|
Batting: RHB Willie Gonzales
|
0-0: Ball 1-0: Ball 2-0: Ball 3-0: Called Strike 3-1: Base on Balls Andy Lewis scores Blake Kelly to third Gashie Chimsima to second
|
|
Batting: LHB John Harring
|
0-0: Ground out 1-3 (Groundball, 25, EV 66.9 MPH)
|
| Top of the 2nd over - 1 run, 0 hits, 0 errors, 3 left on base; Mahoning Valley 1 - Minnesota (NYP) 0 |
| BOTTOM OF THE 2ND |
|
Minnesota (NYP) Twins batting - Pitching for Mahoning Valley Scrappers : RHP Fomio Tashima
|
|
Batting: RHB Sean Gould
|
0-0: Ball 1-0: Ball 2-0: Ball 3-0: Base on Balls
|
|
Batting: RHB Graham Calvert
|
0-0: Ball 1-0: Called Strike 1-1: Called Strike 1-2: Ball 2-2: Ball 3-2: Base on Balls Sean Gould to second
|
|
Batting: RHB Tony Crespo
|
0-0: Foul Ball, location: 2F 0-1: SINGLE (Line Drive, 78S, EV 95.0 MPH) Sean Gould to third Graham Calvert to second
|
|
Batting: LHB Seung-jun Chang
|
0-0: Called Strike 0-1: Ball 1-1: Ball 2-1: Foul Ball, location: 2F 2-2: Ball 3-2: SINGLE (Groundball, 6MD, EV 110.0 MPH) Sean Gould scores Graham Calvert to third Tony Crespo to second
|
|
Batting: SHB Donell Burney
|
0-0: Called Strike 0-1: Called Strike 0-2: Fly out, F6 (Popup, P, EV 90.0 MPH)
|
|
Batting: LHB Chris Munguia
|
0-0: Called Strike 0-1: Ball 1-1: Ball 2-1: Ball 3-1: Fielders Choice at 2nd, 6-4 (Groundball, 6, EV 83.8 MPH) Graham Calvert scores Tony Crespo to third
|
|
Batting: RHB David Nardone
|
0-0: Ball 1-0: Called Strike Chris Munguia steals 2nd base 1-1: Ground out 4-3 (Groundball, 34, EV 86.9 MPH)
|
| Bottom of the 2nd over - 2 runs, 2 hits, 0 errors, 2 left on base; Mahoning Valley 1 - Minnesota (NYP) 2 |
| TOP OF THE 3RD |
|
Mahoning Valley Scrappers batting - Pitching for Minnesota (NYP) Twins : LHP Mike Horton
|
|
Batting: RHB Juan Padilla
|
0-0: TRIPLE (Line Drive, 89XD, EV 107.5 MPH)
|
|
Batting: RHB Ryan Gautney
|
0-0: Ground out 6-3 (Groundball, 6, EV 106.9 MPH) Juan Padilla scores
|
|
Batting: SHB Joe Zeiset
|
0-0: Ball 1-0: Ground out 5-3 (Groundball, 56, EV 106.2 MPH)
|
|
Batting: LHB Devon Grant
|
0-0: Ball 1-0: Ball 2-0: Foul Ball, location: 2F 2-1: Fly out, F4 (Flyball, 34D, EV 83.8 MPH)
|
| Top of the 3rd over - 1 run, 1 hit, 0 errors, 0 left on base; Mahoning Valley 2 - Minnesota (NYP) 2 |
| BOTTOM OF THE 3RD |
|
Minnesota (NYP) Twins batting - Pitching for Mahoning Valley Scrappers : RHP Fomio Tashima
|
|
Batting: RHB Miguel Diaz
|
0-0: Called Strike 0-1: Ball 1-1: Called Strike 1-2: Ball 2-2: Ball 3-2: Strikes out looking
|
|
Batting: RHB Michael McDonald
|
0-0: TRIPLE (Flyball, 78XD, EV 108.8 MPH)
|
|
Batting: RHB Sean Gould
|
0-0: Ball 1-0: Swinging Strike 1-1: Called Strike 1-2: Foul Ball, location: 2F 1-2: Ball 2-2: Strikes out swinging
|
|
Batting: RHB Graham Calvert
|
0-0: Ball 1-0: Fly out, F7 (Line Drive, 78S, EV 105.6 MPH)
|
| Bottom of the 3rd over - 0 runs, 1 hit, 0 errors, 1 left on base; Mahoning Valley 2 - Minnesota (NYP) 2 |
| TOP OF THE 4TH |
|
Mahoning Valley Scrappers batting - Pitching for Minnesota (NYP) Twins : LHP Mike Horton
|
|
Batting: RHB Andy Lewis
|
0-0: Foul Ball, location: 2F 0-1: Swinging Strike 0-2: Foul Ball, location: 2F 0-2: Hit by Pitch
|
|
Batting: RHB Blake Kelly
|
0-0: 2-RUN HOME RUN (Flyball, 78XD, EV 111.9 MPH), Distance : 444 ft
|
|
Batting: RHB Gashie Chimsima
|
0-0: Ball 1-0: Hit by Pitch
|
|
Batting: RHB Willie Gonzales
|
0-0: Ball 1-0: Ball 2-0: Swinging Strike 2-1: Foul Ball, location: 2F 2-2: Strikes out swinging
|
|
Batting: LHB John Harring
|
0-0: Ball 1-0: Ball 2-0: Foul Ball, location: 2F 2-1: Ball 3-1: Fly out, F7 (Flyball, 7, EV 87.5 MPH)
|
|
Batting: RHB Juan Padilla
|
0-0: Ball 1-0: Ball Wild Pitch! Gashie Chimsima to second 2-0: Foul Ball, location: 2F 2-1: Ground out 6-3 (Groundball, 6M, EV 106.9 MPH)
|
| Top of the 4th over - 2 runs, 1 hit, 0 errors, 1 left on base; Mahoning Valley 4 - Minnesota (NYP) 2 |
| BOTTOM OF THE 4TH |
|
Minnesota (NYP) Twins batting - Pitching for Mahoning Valley Scrappers : RHP Fomio Tashima
|
|
Batting: RHB Tony Crespo
|
0-0: Ball 1-0: Ball 2-0: Ball 3-0: Base on Balls
|
|
Batting: LHB Seung-jun Chang
|
0-0: Called Strike Tony Crespo steals 2nd base 0-1: Ball 1-1: Bunted foul 1-2: Foul Ball, location: 2F 1-2: Ball 2-2: Ball 3-2: Base on Balls
|
|
Batting: SHB Donell Burney
|
0-0: Foul Ball, location: 2F 0-1: Ball 1-1: Called Strike 1-2: Grounds into double play, 5-4-3 (Groundball, 56S, EV 86.2 MPH) Tony Crespo to third
|
|
Batting: LHB Chris Munguia
|
0-0: Ball 1-0: Called Strike 1-1: Fly out, F7 (Flyball, 7, EV 83.1 MPH)
|
| Bottom of the 4th over - 0 runs, 0 hits, 0 errors, 1 left on base; Mahoning Valley 4 - Minnesota (NYP) 2 |
| TOP OF THE 5TH |
|
Mahoning Valley Scrappers batting - Pitching for Minnesota (NYP) Twins : LHP Mike Horton
|
|
Batting: RHB Ryan Gautney
|
0-0: Called Strike 0-1: Ball 1-1: DOUBLE (Line Drive, 78D, EV 106.2 MPH)
|
|
Batting: SHB Joe Zeiset
|
0-0: Called Strike 0-1: Ball 1-1: Foul Ball, location: 2F 1-2: Foul Ball, location: 2F 1-2: Ball 2-2: Ball 3-2: Base on Balls
|
|
Pitching: RHP Kevin Colgin
|
|
|
Batting: LHB Devon Grant
|
0-0: Ball 1-0: Called Strike 1-1: Swinging Strike 1-2: Strikes out swinging
|
|
Batting: RHB Andy Lewis
|
0-0: Ball 1-0: Fly out, F4 (Popup, 34D, EV 44.4 MPH)
|
|
Batting: RHB Blake Kelly
|
0-0: Ball Wild Pitch! Ryan Gautney to third Joe Zeiset to second 1-0: Swinging Strike 1-1: Ball 2-1: Called Strike 2-2: Strikes out swinging
|
| Top of the 5th over - 0 runs, 1 hit, 0 errors, 2 left on base; Mahoning Valley 4 - Minnesota (NYP) 2 |
| BOTTOM OF THE 5TH |
|
Minnesota (NYP) Twins batting - Pitching for Mahoning Valley Scrappers : RHP Fomio Tashima
|
|
Batting: RHB David Nardone
|
0-0: Foul Ball, location: 2F 0-1: Swinging Strike 0-2: Strikes out swinging
|
|
Pitching: RHP Mario del Rio
|
|
|
Batting: RHB Miguel Diaz
|
0-0: Ball 1-0: Called Strike 1-1: Swinging Strike 1-2: SINGLE (Line Drive, 56, EV 103.1 MPH)
|
|
Batting: RHB Michael McDonald
|
0-0: Swinging Strike 0-1: Foul Ball, location: 2F 0-2: Ball 1-2: Grounds into double play, 4-6-3 (Groundball, 4M, EV 103.1 MPH)
|
| Bottom of the 5th over - 0 runs, 1 hit, 0 errors, 0 left on base; Mahoning Valley 4 - Minnesota (NYP) 2 |
| TOP OF THE 6TH |
|
Mahoning Valley Scrappers batting - Pitching for Minnesota (NYP) Twins : RHP Kevin Colgin
|
|
Batting: RHB Gashie Chimsima
|
0-0: Called Strike 0-1: Ball 1-1: Foul Ball, location: 2F 1-2: Foul Ball, location: 2F 1-2: Ball 2-2: Strikes out swinging
|
|
Batting: RHB Willie Gonzales
|
0-0: Foul Ball, location: 2F 0-1: Called Strike 0-2: Ball 1-2: Foul Ball, location: 2F 1-2: Ball 2-2: DOUBLE (Groundball, 5L, EV 95.0 MPH)
|
|
Pitching: RHP Matt Lundy
|
|
|
Batting: LHB John Harring
|
0-0: Ball 1-0: Ball 2-0: Ball 3-0: Base on Balls
|
|
Batting: RHB Juan Padilla
|
0-0: Called Strike Willie Gonzales steals 3rd base John Harring to second 0-1: Ball 1-1: Ball 2-1: Called Strike 2-2: Ball 3-2: SINGLE (Groundball, 6D, EV 102.5 MPH) Willie Gonzales scores John Harring to third
|
|
Batting: RHB Ryan Gautney
|
0-0: Ball Juan Padilla steals 2nd base 1-0: SINGLE (Groundball, 56D, EV 103.8 MPH) John Harring scores Juan Padilla to third
|
|
Batting: SHB Joe Zeiset
|
0-0: Ball 1-0: Ball Wild Pitch! Juan Padilla scores Ryan Gautney to second 2-0: Fly out, F9 (Flyball, 9LM, EV 76.2 MPH)
|
|
Batting: LHB Devon Grant
|
0-0: Ball 1-0: Called Strike 1-1: DOUBLE (Line Drive, 9LD, EV 106.2 MPH) Ryan Gautney scores
|
|
Batting: RHB Andy Lewis
|
0-0: Ball 1-0: Called Strike 1-1: Foul Ball, location: 2F 1-2: Fly out, F8 (Flyball, 8LD, EV 102.5 MPH)
|
| Top of the 6th over - 4 runs, 4 hits, 0 errors, 1 left on base; Mahoning Valley 8 - Minnesota (NYP) 2 |
| BOTTOM OF THE 6TH |
|
Minnesota (NYP) Twins batting - Pitching for Mahoning Valley Scrappers : RHP Mario del Rio
|
|
Batting: RHB Sean Gould
|
0-0: Swinging Strike 0-1: Ball 1-1: Foul Ball, location: 2F 1-2: Foul Ball, location: 2F 1-2: Ball 2-2: Ball 3-2: Base on Balls
|
|
Batting: RHB Graham Calvert
|
0-0: Called Strike 0-1: Foul Ball, location: 2F 0-2: Fielders Choice at 2nd, 3-6 (Groundball, 34S, EV 78.1 MPH)
|
|
Batting: RHB Tony Crespo
|
0-0: Called Strike 0-1: Ball 1-1: SINGLE (Line Drive, 56D, EV 95.6 MPH) Graham Calvert to second
|
|
Batting: LHB Seung-jun Chang
|
0-0: Ball 1-0: Grounds into double play, 5-4-3 (Groundball, 5, EV 86.9 MPH)
|
| Bottom of the 6th over - 0 runs, 1 hit, 0 errors, 1 left on base; Mahoning Valley 8 - Minnesota (NYP) 2 |
| TOP OF THE 7TH |
|
Mahoning Valley Scrappers batting - Pitching for Minnesota (NYP) Twins : RHP Matt Lundy
|
|
Batting: RHB Blake Kelly
|
0-0: Ball 1-0: Ball 2-0: Ball 3-0: Called Strike 3-1: Base on Balls
|
|
Batting: RHB Gashie Chimsima
|
0-0: Called Strike 0-1: Called Strike 0-2: Grounds into double play, 4-6-3 (Groundball, 34, EV 90.0 MPH)
|
|
Batting: RHB Willie Gonzales
|
0-0: Called Strike 0-1: Foul Ball, location: 2F 0-2: Ball 1-2: Foul Ball, location: 2F 1-2: Ball 2-2: Strikes out swinging
|
| Top of the 7th over - 0 runs, 0 hits, 0 errors, 0 left on base; Mahoning Valley 8 - Minnesota (NYP) 2 |
| BOTTOM OF THE 7TH |
|
Minnesota (NYP) Twins batting - Pitching for Mahoning Valley Scrappers : RHP Mario del Rio
|
|
Batting: SHB Donell Burney
|
0-0: Called Strike 0-1: Called Strike 0-2: Ground out 4-3 (Groundball, 4S, EV 80.0 MPH)
|
|
Batting: LHB Chris Munguia
|
0-0: Called Strike 0-1: Ground out 4-3 (Groundball, 4M, EV 81.2 MPH)
|
|
Batting: RHB David Nardone
|
0-0: Ball 1-0: Fly out, F7 (Flyball, 7, EV 90.6 MPH)
|
| Bottom of the 7th over - 0 runs, 0 hits, 0 errors, 0 left on base; Mahoning Valley 8 - Minnesota (NYP) 2 |
| TOP OF THE 8TH |
|
Mahoning Valley Scrappers batting - Pitching for Minnesota (NYP) Twins : RHP Matt Lundy
|
|
Batting: LHB John Harring
|
0-0: Foul Ball, location: 2F 0-1: Ball 1-1: Called Strike 1-2: Ball 2-2: Ball 3-2: Base on Balls
|
|
Batting: RHB Juan Padilla
|
0-0: Ball John Harring steals 2nd, throwing error, E2 John Harring to third 1-0: Ball 2-0: Ball 3-0: Base on Balls
|
|
Batting: RHB Ryan Gautney
|
0-0: Called Strike 0-1: Ball Wild Pitch! John Harring scores Juan Padilla to second 1-1: DOUBLE (Line Drive, 89D, EV 106.2 MPH) Juan Padilla scores
|
|
Batting: SHB Joe Zeiset
|
0-0: Ball 1-0: Called Strike 1-1: Ball 2-1: DOUBLE (Flyball, 8LXD, EV 108.8 MPH) Ryan Gautney scores
|
|
Batting: LHB Devon Grant
|
0-0: Ground out U3 (Groundball, 3, EV 89.4 MPH) Joe Zeiset to third
|
|
Batting: RHB Andy Lewis
|
0-0: Fly out, F4 (Popup, 4D, EV 51.9 MPH)
|
|
Batting: RHB Blake Kelly
|
0-0: Ball 1-0: Ball 2-0: Ball 3-0: Base on Balls
|
|
Batting: RHB Gashie Chimsima
|
0-0: Ball 1-0: Ball 2-0: Ball 3-0: Base on Balls Blake Kelly to second
|
|
Pitching: RHP Dean Huch
|
|
|
Batting: RHB Willie Gonzales
|
0-0: Called Strike 0-1: Foul Ball, location: 2F 0-2: Strikes out swinging
|
| Top of the 8th over - 3 runs, 2 hits, 1 error, 3 left on base; Mahoning Valley 11 - Minnesota (NYP) 2 |
| BOTTOM OF THE 8TH |
|
Minnesota (NYP) Twins batting - Pitching for Mahoning Valley Scrappers : RHP Mario del Rio
|
|
Batting: RHB Miguel Diaz
|
0-0: SINGLE (Line Drive, 5D, EV 108.8 MPH)
|
|
Batting: RHB Michael McDonald
|
0-0: Ball 1-0: Foul Ball, location: 2F 1-1: Foul Ball, location: 2F 1-2: Ball 2-2: Fly out, F7 (Flyball, 7LM, EV 82.5 MPH)
|
|
Pinch Hitting: RHB Alex Loaiza
|
0-0: Hit by Pitch Miguel Diaz to second
|
|
Batting: RHB Graham Calvert
|
0-0: Ball 1-0: Ball 2-0: Swinging Strike 2-1: Foul Ball, location: 2F 2-2: Ball 3-2: Foul Ball, location: 2F 3-2: Strikes out swinging
|
|
Batting: RHB Tony Crespo
|
0-0: Foul Ball, location: 2F 0-1: Fly out, F7 (Line Drive, 7, EV 85.0 MPH)
|
| Bottom of the 8th over - 0 runs, 1 hit, 0 errors, 2 left on base; Mahoning Valley 11 - Minnesota (NYP) 2 |
| TOP OF THE 9TH |
|
Mahoning Valley Scrappers batting - Pitching for Minnesota (NYP) Twins : RHP Dean Huch
|
|
Now at 2B: Tony Crespo
|
|
|
Now in CF: Alex Loaiza
|
|
|
Batting: LHB John Harring
|
0-0: Ball 1-0: TRIPLE (Flyball, 78XD, EV 91.2 MPH)
|
|
Batting: RHB Juan Padilla
|
0-0: SINGLE (Groundball, 6MS, EV 68.8 MPH) (infield hit) John Harring scores
|
|
Batting: RHB Ryan Gautney
|
0-0: Ball 1-0: Foul Ball, location: 2F 1-1: Fielders Choice at 2nd, 4-6 (Groundball, 4, EV 81.9 MPH)
|
|
Batting: SHB Joe Zeiset
|
0-0: Called Strike 0-1: Ball 1-1: Ball 2-1: Ball 3-1: Foul Ball, location: 2F 3-2: Foul Ball, location: 2F 3-2: Base on Balls Ryan Gautney to second
|
|
Batting: LHB Devon Grant
|
0-0: Ball 1-0: Foul Ball, location: 2F 1-1: Ball 2-1: Ball 3-1: Called Strike 3-2: Base on Balls Ryan Gautney to third Joe Zeiset to second
|
|
Batting: RHB Andy Lewis
|
0-0: Ball 1-0: Ball 2-0: Called Strike 2-1: Ball 3-1: Called Strike 3-2: Foul Ball, location: 2F 3-2: Strikes out swinging
|
|
Batting: RHB Blake Kelly
|
0-0: Called Strike 0-1: Ball 1-1: Ball 2-1: Swinging Strike 2-2: Ball 3-2: SINGLE (Groundball, 34D, EV 109.4 MPH) Ryan Gautney scores Joe Zeiset to third Devon Grant to second Joe Zeiset scores Devon Grant to third
|
|
Batting: RHB Gashie Chimsima
|
0-0: Called Strike 0-1: Ball 1-1: Ball 2-1: Ball Wild Pitch! Devon Grant scores Blake Kelly to second 3-1: Base on Balls
|
|
Pitching: RHP Chris Starcher
|
|
|
Batting: RHB Willie Gonzales
|
0-0: SINGLE (Groundball, 34D, EV 93.8 MPH) Blake Kelly to third Gashie Chimsima to second Runner from 3rd tries for Home, throw by RF and OUT! 9-2
|
| Top of the 9th over - 4 runs, 4 hits, 0 errors, 2 left on base; Mahoning Valley 15 - Minnesota (NYP) 2 |
| BOTTOM OF THE 9TH |
|
Minnesota (NYP) Twins batting - Pitching for Mahoning Valley Scrappers : RHP Mario del Rio
|
|
Batting: LHB Seung-jun Chang
|
0-0: Called Strike 0-1: Ball 1-1: Foul Ball, location: 2F 1-2: Ball 2-2: Foul Ball, location: 2F 2-2: Foul Ball, location: 2F 2-2: Ground out 4-3 (Groundball, 34D, EV 90.6 MPH)
|
|
Batting: SHB Donell Burney
|
0-0: Ground out 4-3 (Groundball, 4S, EV 69.4 MPH)
|
|
Batting: LHB Chris Munguia
|
0-0: Ball 1-0: Ball 2-0: Ground out 4-3 (Groundball, 4M, EV 76.2 MPH)
|
| Bottom of the 9th over - 0 runs, 0 hits, 0 errors, 0 left on base; Mahoning Valley 15 - Minnesota (NYP) 2 |
|